 Dungeon Crawl Stone Soup version 0.31-a0-1626-g5cb510d322 (webtiles) character file.

Game seed: 15748440406310055949

2524 Iaro the Grappler (level 9, -4/89 HPs)
             Began as a Troll Fighter on Jan 12, 2024.
             Slain by an orc warrior
             ... wielding a +0 scimitar
              (9 damage)
             ... on level 7 of the Dungeon.
             The game lasted 00:17:52 (5566 turns).

Iaro the Grappler (Troll Fighter)                   Turns: 5566, Time: 00:17:52

Health: -4/89      AC:  4    Str: 26      XL:     9   Next: 29%
Magic:  8/8        EV:  9    Int:  6 (8)  God:
Gold:   334        SH:  8    Dex:  8 (9)  Spells: 8/8 levels left

rFire   + .          .
                       - Unarmed
rCold   + . .        b - +0 kite shield
rNeg    . . .        a - +0 robe
rPois   .            (helmet restricted)
rElec   .            v - scarf {rC+ rF+}
rCorr   .            (gloves unavailable)
SInv    .            (boots unavailable)
Will    .....        (no amulet)
Stlth   +            (no ring)
HPRegen 1.14/turn    (no ring)
MPRegen 0.11/turn

%: no passive effects
@: no status effects
A: large, unfitting armour, claws 3, regeneration 1, shaggy fur 1, tough skin 1
a: no special abilities


You were on level 7 of the Dungeon.
You visited 1 branch of the dungeon, and saw 7 of its levels.

You collected 334 gold pieces.

Inventory:

Armour
 a - a +0 robe (worn)
 b - a +0 kite shield (worn)
 v - a scarf of resistance (worn)
Jewellery
 q - a ring of poison resistance
Wands
 g - a wand of iceblast (4)
 x - a wand of mindburst (18)
Scrolls
 e - a scroll of teleportation
 i - 2 scrolls of identify
 j - 2 scrolls of enchant armour {unknown}
 l - 2 scrolls of poison
 r - 2 scrolls of amnesia {unknown}
 t - a scroll of butterflies {unknown}
 w - a scroll of fog {unknown}
Potions
 d - 2 potions of degeneration
 f - a potion of berserk rage
 h - a potion of brilliance {unknown}
 k - a potion of haste {unknown}
 m - a potion of enlightenment {unknown}
 n - 2 potions of curing {unknown}
 p - a potion of heal wounds {unknown}
 u - 2 potions of invisibility {unknown}
 z - a potion of ambrosia


   Skills:
 + Level 5.7 Fighting
 + Level 2.8 Dodging
 + Level 6.3 Shields
 * Level 9.1 Unarmed Combat


You had 8 spell levels left.
You didn't know any spells.
Your spell library contained the following spells:

 Spells                   Type           Power      Damage    Failure   Level
 Sandblast                Erth           0%         2d4       67%         1
 Shock                    Conj/Air       0%         1d3       67%         1
 Ensorcelled Hibernation  Hex/Ice        0%         N/A       80%         2
 Passwall                 Erth           0%         N/A       95%         3
 Stone Arrow              Conj/Erth      0%         3d7       95%         3
 Swiftness                Air            0%         N/A       95%         3
 Tukima's Dance           Hex            0%         N/A       95%         3
 Airstrike                Air            0%         2d(0-16)  100%        4
 Brom's Barrelling Bould  Conj/Erth      0%         2d3       100%        4
 Dimensional Bullseye     Hex/Tloc       0%         N/A       100%        4
 Iskenderun's Mystic Bla  Conj/Tloc      0%         2d3       100%        4


Dungeon Overview and Level Annotations

Branches:
Dungeon (7/15)
 Temple: D:4-7

Altars:
Trog

Shops:
D:5 !


Innate Abilities, Weirdness & Mutations

You are too large for most types of armour.
You have claws for hands.
Your natural rate of healing is unusually fast.
You are covered in fur. (AC +1)
You have tough skin. (AC +1)


Message History

The orc is heavily wounded.
The orc closely misses you.
You claw the orc!
You kill the orc!
The orc warrior shoots an arrow.
The arrow hits you!
An orc comes into view. It is wielding a +0 hand axe.
Found a ring mail.
The orc shouts!
The orc warrior unwields a +0 orcbow.
The orc warrior wields a +0 scimitar.
The orc warrior hits you with a +0 scimitar!
The orc hits you with a +0 hand axe.
Items here: ( )) [ †††.
The orc warrior unwields a +0 scimitar.
The orc warrior wields a +0 orcbow.
The orc warrior shoots an arrow.
The arrow hits you!
There is a stone staircase leading up, spattered with blood here.
You are too injured to fight recklessly!
You are too injured to fight recklessly!
You are too injured to fight recklessly!
You claw the orc!
You kill the orc!
The orc warrior shoots an arrow.
The arrow barely misses you.
The orc warrior unwields a +0 orcbow.
The orc warrior wields a +0 scimitar.
The orc warrior hits you with a +0 scimitar!
* * * LOW HITPOINT WARNING * * *
Items here: ( ))) [[ †††.
You scratch the orc warrior.
The orc warrior is lightly wounded.
The orc warrior hits you with a +0 scimitar.
* * * LOW HITPOINT WARNING * * *
The orc warrior hits you with a +0 scimitar!
* * * LOW HITPOINT WARNING * * *
You scratch the orc warrior.
The orc warrior is moderately wounded.
The orc warrior closely misses you.
You claw the orc warrior!
The orc warrior is severely wounded.
You feel yourself speed up. The orc warrior barely misses you.
The orc warrior hits you with a +0 scimitar!
You die...

# # . #.#. #.#.
#.$.# ...##
#..# #<# #@#
....[..o.......
..........#####
...######## ##


You could see an orc warrior.

Vanquished Creatures
  A troll (D:6)
  The ghost of justen the Trooper, an amateur BaFi of Gozag (D:5)
  A wraith (D:7)
  A steam dragon (D:6)
  An orc warrior (D:6)
  Pargi (D:3)
  A black bear (D:5)
  2 ogres
  2 phantoms
  2 bullfrogs
  2 scorpions
  6 killer bees (D:5)
  A bombardier beetle (D:4)
  A quasit (D:5)
  5 hounds
  An orc priest (D:6)
  6 iguanas
  2 orc wizards (D:4)
  5 adders
  8 gnolls
  3 shadow imps (D:5)
  3 white imps (D:5)
  6 ufetubi
  2 dart slugs
  3 ribbon worms
  25 orcs
  3 ball pythons
  7 endoplasms
  6 giant cockroaches
  9 goblins
  4 hobgoblins
  6 jackals
  4 kobolds
  3 quokkas
  5 bats
  A frilled lizard (D:1)
  7 rats
147 creatures vanquished.

Notes
Turn   | Place    | Note
-------+----------+-------------------------------------------
     0 | D:1      | Iaro the Troll Fighter began the quest for the Orb.
     0 | D:1      | Reached XP level 1. HP: 22/22 MP: 0/0
    43 | D:1      | Reached XP level 2. HP: 29/29 MP: 1/1
   240 | D:1      | Reached XP level 3. HP: 36/36 MP: 2/2
   517 | D:1      | Reached skill level 3 in Unarmed Combat
  1118 | D:2      | Noticed a scorpion
  1126 | D:2      | Killed a scorpion
  1127 | D:2      | Reached XP level 4. HP: 27/45 MP: 3/3
  1852 | D:3      | Noticed Pargi
  1856 | D:3      | Reached skill level 4 in Unarmed Combat
  1856 | D:3      | Reached XP level 5. HP: 53/53 MP: 4/4
  1861 | D:3      | Killed Pargi
  2503 | D:4      | Reached XP level 6. HP: 61/61 MP: 5/5
  2707 | D:4      | Reached skill level 5 in Unarmed Combat
  3031 | D:4      | Reached XP level 7. HP: 59/68 MP: 6/6
  3216 | D:4      | You fall into a shaft and drop 1 floor!
  3216 | D:5      | Entered Level 5 of the Dungeon
  3370 | D:5      | Reached skill level 6 in Unarmed Combat
  3385 | D:5      | Noticed justen's ghost (amateur BaFi)
  3444 | D:5      | Found a transporter.
  3451 | D:5      | Found a transporter.
  3625 | D:5      | Reached skill level 5 in Shields
  3752 | D:5      | Found Dyneativ's Distillery.
  3793 | D:5      | Reached XP level 8. HP: 74/79 MP: 7/7
  3802 | D:5      | Found a bloodstained altar of Trog.
  3818 | D:5      | Reached skill level 7 in Unarmed Combat
  4504 | D:5      | Killed justen's ghost
  4505 | D:5      | Reached skill level 5 in Fighting
  4530 | D:5      | Reached skill level 8 in Unarmed Combat
  4922 | D:6      | Noticed a troll
  4933 | D:6      | HP: 3/80 [troll (12)]
  4934 | D:6      | Killed a troll
  4935 | D:6      | Reached XP level 9. HP: 5/88 MP: 8/8
  5516 | D:6      | Reached skill level 9 in Unarmed Combat
  5564 | D:7      | HP: 2/89 [orc warrior/+0 scimitar (9)]
  5566 | D:7      | Slain by an orc warrior

Illustrated notes

Levels and vault maps discovered:
D:1:      minmay_arrival_five_plusses, layout_basic, minmay_gold_behind_fungi
D:2:      layout_basic, serial_aquarium, aquarium_bridge_long_joined
          [aquarium_subvault_window, aquarium_subvault_wall,
          aquarium_subvault_window, aquarium_subvault_wall,
          aquarium_subvault_bridge, aquarium_subvault_wall],
          aquarium_bridge_straight [aquarium_subvault_bridge,
          aquarium_subvault_window, aquarium_subvault_bridge,
          aquarium_subvault_wall], aquarium_window_3, aquarium_window_1,
          aquarium_view_2f, aquarium_view_2f, aquarium_balcony_5b,
          aquarium_pool_S, kennysheep_generic_room_11
D:3:      layout_basic, hex_medium, uniq_pargi
D:4:      layout_loops_ring, minivault_19, item_on_display_a
D:5:      layout_layer_cave, kennysheep_little_box, serial_demonic,
          serial_demonic_d, serial_demonic_b, serial_demonic_f,
          serial_demonic_d, gammafunk_ghost_hive, serial_shops,
          nicolae_shop_competitors_out_of_business, due_unseen_surprise
D:6:      layout_loops_ring
D:7:      layout_rooms, minmay_temple_entry_nine_rooms

Skill      XL: |  1  2  3  4  5  6  7  8  9 |
---------------+----------------------------+-----
Shields        | 3 4 5 6 |  6.3
Unarmed Combat | 3 4 5 6 8 9 |  9.1
Fighting       | 3 4 5 |  5.7
Dodging        | |  2.8

Action                     |  1- 3 |  4- 6 |  7- 9 || total
---------------------------+-------+-------+-------++-------
  Melee: Unarmed           |    73 |   136 |   209 ||   418
    Use: Potion            |       |     1 |     2 ||     3
         Scroll            |       |       |     6 ||     6
   Stab: Sleeping          |     1 |       |     2 ||     3
 Armour: Robe              |    31 |    53 |   150 ||   234
  Dodge: Dodged            |    15 |    31 |    70 ||   116
  Block: Kite shield       |    20 |    41 |    90 ||   151

Table legend: (Time is in decaauts)
 A = Elapsed time spent in this place.
 B = Non-inter-level travel time spent in this place.
 C = Inter-level travel time spent in this place.
 D = Time resting spent in this place.
 E = Time spent auto-exploring this place.
 F = Levels seen in this place.
 G = Mean time per level.
                   A        B        C        D        E       F      G
               +--------+--------+--------+--------+--------+-----+--------+
         Total |   5581 |   5278 |    303 |    403 |   3900 |   7 |  797.3 |
       Dungeon |   5581 |   5278 |    303 |    403 |   3900 |   7 |  797.3 |
               +--------+--------+--------+--------+--------+-----+--------+

Top non-repeatable levels by time:
     D:5: 1403 daAuts
     D:2: 917 daAuts
     D:6: 915 daAuts
     D:1: 854 daAuts
     D:4: 778 daAuts
     D:3: 675 daAuts
     D:7: 37 daAuts
